[Event "European Women Blitz-ch 2024"]
[Site "Monaco"]
[Date "2025.01.10"]
[Round "5.9"]
[White "Maltsevskaya, Aleksandra"]
[Black "Garcia Martin, Marta"]
[Result "1-0"]
[Annotator "TA"]
[ECO "B07"]
[WhiteElo "2368"]
[BlackElo "2323"]
[PlyCount "89"]
[EventDate "2025.01.06"]
[EventType "swiss"]
[EventCountry "MNC"]
[SourceTitle "playchess.com"]
[Source "ChessBase"]
[SourceQuality "1"]
[TimeControl "180+2"]

1. e4 g6 2. d4 Bg7 3. Nf3 d6 4. Bd3 Nf6 5. c3 O-O 6. O-O e5 7. Bg5 h6 8. Bh4 Re8 9. Re1 Nc6 10. dxe5 Nxe5 11. Nxe5 dxe5 12. h3 Be6 (12... g5 $5 13. Bg3 $8 Nh5 $11) 13. Na3 c6 14. Bc4 Qc7 15. Qf3 Nh5 16. Rad1 b5 17. Bxe6 Rxe6 18. Nc2 Bf6 19. Bg3 Nxg3 20. Qxg3 Rd8 21. Ne3 Red6 22. Rxd6 Qxd6 23. Ng4 Bg7 24. Ne3 h5 25. Qf3 Qc5 26. Rd1 Rxd1+ 27. Qxd1 $11 {[%emt 0:00:01][%mdl 4096] Endgame KQB-KQN} Qe7 (27... Bh6 $1 $15 28. Qd3 Bxe3 29. Qxe3 Qe7 (29... Qxe3 30. fxe3 Kg7 31. Kf2 $17)) 28. Qd3 Bh6 29. Nf1 Kg7 30. Ng3 Bf4 31. Ne2 Bg5 32. g3 h4 33. Kg2 a5 34. c4 Qb4 35. cxb5 cxb5 (35... Qxb2 $2 {is the wrong capture.} 36. bxc6 Qb6 37. Qd5 $18) 36. b3 a4 37. Qd5 Bf6 38. gxh4 axb3 39. axb3 Qe1 (39... Bxh4 $14 40. Qxe5+ Kg8) 40. Ng3 $16 b4 $2 (40... Bxh4 $14 41. Qxe5+ Kg8) 41. h5 $18 Qb1 (41... Qc3 42. h6+ Kg8) 42. Qd6 {[%emt 0:00:04] And now h6+ would win.} Qxb3 $2 {[%emt 0:00:02] [#]} (42... Qc1 {was worth a try.} 43. Qxb4 Bh4 44. hxg6 fxg6) 43. h6+ $1 Kxh6 {[%emt 0:00:02] aiming for ...Kg7.} 44. Qxf6 {[%emt 0:00:01] Intending Nf5+ and mate.} Qe6 (44... Kh7 $18 45. Qxe5 Qa4) 45. Nf5+ 1-0

[Event "European Women Blitz-ch 2024"]
[Site "Monaco"]
[Date "2025.01.10"]
[Round "5.10"]
[White "Shvedova, Alexandra"]
[Black "Roebers, Eline"]
[Result "0-1"]
[Annotator "TA"]
[ECO "B45"]
[WhiteElo "2266"]
[BlackElo "2381"]
[PlyCount "70"]
[EventDate "2025.01.06"]
[EventType "swiss"]
[EventCountry "MNC"]
[SourceTitle "playchess.com"]
[Source "ChessBase"]
[SourceQuality "1"]
[TimeControl "180+2"]

1. e4 c5 2. Nf3 Nc6 3. d4 cxd4 4. Nxd4 Nf6 5. Nc3 e6 6. Ndb5 Bc5 7. Bf4 (7. Nd6+ Ke7 8. Bf4 e5 9. Nf5+) 7... O-O 8. Be2 (8. Bc7 $11 Qe7 9. Bd6 Bxd6 10. Qxd6) 8... a6 (8... d5 $15 {is superior.}) 9. Nd6 b5 10. a3 Qb6 11. O-O Nd4 (11... Bd4 {is interesting.} 12. Qd3 Ne5 13. Qg3 Ng6) 12. Nxc8 Raxc8 13. Bd3 d6 14. Qd2 {[%emt 0:00:04] Threatens to win with b4.} Qb8 15. Ne2 Nxe2+ 16. Qxe2 Nd7 17. a4 bxa4 18. Bxa6 Rc7 19. Bb5 Rb7 20. Bxa4 {[%emt 0:00:02] A strong pair of Bishops.} Bd4 21. c3 $2 (21. Bc6 $16 Ra7 22. c3 (22. Rxa7 Qxa7 23. Bxd6 Rd8 $18)) 21... Be5 (21... Rxb2 $15 {keeps the upper hand.} 22. Qe1 (22. Bd2 Bxc3 23. Qd3 Bxd2 $17) 22... Be5) 22. Bxe5 $16 Nxe5 23. b4 Rc8 24. Rfc1 Rbc7 25. Qe3 Nc4 26. Qe2 (26. Qd4 $16) 26... Nb6 (26... Ne5 $11) 27. Qe3 (27. Qd2 $14) 27... d5 (27... Nc4 $11 28. Qd4 Qb6) 28. Bb3 ({White should try} 28. Bb5 $14) 28... dxe4 $11 29. g3 Nc4 $36 {[%emt 0:00:06][%mdl 2048] Black has the initiative.} 30. Qxe4 $2 (30. Qf4 $11) 30... Nd2 $1 $19 31. Qc2 {[%emt 0:00:00] [#]} Nf3+ $1 32. Kg2 (32. Kh1 $17) 32... Qb7 33. Kf1 $2 {[%emt 0:00:00] Repels Ne1} (33. Qa2) 33... Nxh2+ 34. Kg1 Nf3+ 35. Kf1 Nd4 0-1

[Event "European Women Blitz-ch 2024"]
[Site "Monaco"]
[Date "2025.01.10"]
[Round "5.11"]
[White "Kanyamarala, Trisha"]
[Black "Cramling Bellon, Anna"]
[Result "1-0"]
[Annotator "TA"]
[ECO "D47"]
[WhiteElo "2158"]
[BlackElo "2052"]
[PlyCount "43"]
[EventDate "2025.01.06"]
[EventType "swiss"]
[EventCountry "MNC"]
[SourceTitle "playchess.com"]
[Source "ChessBase"]
[SourceQuality "1"]
[TimeControl "180+2"]

1. d4 d5 2. c4 e6 3. Nf3 Nf6 4. Nc3 c6 5. e3 Nbd7 6. Bd3 dxc4 7. Bxc4 b5 8. Bb3 Bb7 9. O-O a6 (9... Be7 $11 {might be stronger.}) 10. e4 $14 b4 11. Na4 Nxe4 (11... Be7 $14) 12. Re1 $16 Nef6 13. Ng5 $1 {[%emt 0:00:26] White is more active.} Nd5 {[%emt 0:00:43] [#]} (13... Be7 $16) 14. Qh5 $1 $18 g6 {[%emt 0:01:49] [#]} 15. Qh3 $1 $40 {[%emt 0:00:23][%cal Ob3d5][%mdl 128] Bxd5! is the strong threat. White has strong attack.} Be7 $2 {[%emt 0:00:00] [#]} (15... N7f6 16. Nxe6 fxe6) 16. Nxf7 $1 Kxf7 17. Qxe6+ Ke8 18. Bxd5 cxd5 19. Bg5 Bc8 20. Bxe7 {[%emt 0:00:15] Black is weak on the dark squares} Nf8 21. Qe5 Rg8 22. Bxd8+ 1-0

[Event "European Women Blitz-ch 2024"]
[Site "Monaco"]
[Date "2025.01.10"]
[Round "5.12"]
[White "Bulmaga, Irina"]
[Black "Savina, Anastasia"]
[Result "0-1"]
[Annotator "TA"]
[ECO "C45"]
[WhiteElo "2386"]
[BlackElo "2318"]
[PlyCount "108"]
[EventDate "2025.01.06"]
[EventType "swiss"]
[EventCountry "MNC"]
[SourceTitle "playchess.com"]
[Source "ChessBase"]
[SourceQuality "1"]
[TimeControl "180+2"]

1. e4 e5 2. Nf3 Nc6 3. d4 exd4 4. Nxd4 Qf6 5. Be3 Bc5 6. c3 d6 7. Bc4 (7. Be2 {simplifies} Nge7 8. O-O O-O 9. Nxc6 Nxc6 10. Bxc5 dxc5 11. f4) 7... Qg6 8. O-O $1 Ne5 9. Be2 {[%emt 0:00:26] Threatens to win with f4.} Bh3 10. Bf3 Nf6 11. Nb5 (11. Kh1 $15 Bd7 12. Nd2) 11... O-O-O $19 (11... Nxe4 $2 12. Bxc5 (12. Nxc7+ Kd7 $11) 12... O-O 13. Bd4 $18 (13. Bxa7 Nxf3+ 14. Qxf3 Bd7 $11)) 12. Nd2 a6 13. Nd4 Rhe8 {[%emt 0:00:21][%cal Of6h5] Black has more active pieces.} 14. b4 (14. Bf4 $17) 14... Bb6 ({Black should play} 14... Nh5 $1 $19 15. g3 (15. Bxh5 $2 Qxg2#) (15. bxc5 $2 Nxf3+ 16. Qxf3 Bg4 $19) 15... Nxf3+ 16. Qxf3 Bxd4 17. Bxd4 Bxf1 18. Rxf1 c5) 15. b5 (15. Nf5 $17 {was called for.} Nxf3+ 16. Qxf3) 15... Nh5 16. g3 (16. Bxh5 $2 Qxg2#) 16... Bxf1 $4 (16... Nxf3+ $19 {and all is fine.} 17. Qxf3 Bxf1 18. Rxf1 axb5 19. Nxb5 Bxe3 20. Qxe3 Nf6) 17. Qxf1 $4 {[%emt 0:00:01][%mdl 8192] [#]} (17. Bxh5 $18 {is the narrow road to win.} Qf6 18. Qxf1 (18. Kxf1 axb5 19. h3 b4 $18)) 17... Nxf3+ $1 18. N2xf3 Qxe4 $2 (18... Rxe4 19. bxa6 bxa6 20. Qxa6+ Kd7 21. Qb5+ Kc8 22. a4 Rxe3 23. fxe3 $18) (18... a5 $19 {[%cal Oh5f6] Threatens to win with ...Nf6!.} 19. Nf5 Rxe4 20. Bxb6 cxb6 (20... Qxf5 $2 21. Nd4 $19)) 19. Nd2 (19. bxa6 Nf6 20. Nd2 Qd5 $11) (19. Qh3+ $14 Rd7 20. Qxh5) 19... Qd5 20. c4 Qe5 21. bxa6 $1 Bxd4 (21... Nf6 $5 22. Rb1 Qa5 (22... Bxd4 23. Nf3 $15) 23. axb7+ Kxb7 $11) 22. Bxd4 $4 (22. axb7+ $11 {and White is okay.} Kxb7 23. Nf3 Bxa1 24. Nxe5 Bxe5 25. Qb1+ Ka8 26. Qb5) 22... Qxd4 23. Qh3+ Kb8 24. Nb3 Qe5 25. axb7 Nf6 26. Qg2 Qe4 27. Na5 Qxg2+ 28. Kxg2 Re5 $2 (28... c5 $19 29. Rb1 Kc7) 29. Nc6+ $11 Kxb7 30. Nxd8+ {[%emt 0:00:01][%mdl 4096] Endgame KRN-KRN} Kc8 31. Nxf7 Re2 32. Ng5 h6 33. Nh3 Rc2 34. Nf4 Ne4 35. Nd3 Rxc4 36. Kf3 Nf6 37. Rc1 ({Better is} 37. a4 $15) 37... Ra4 $17 38. Rc2 Ra3 39. Ke2 Ne4 40. Nf4 Kd7 {[%emt 0:00:01] Repels Ne6} 41. h4 Nc3+ 42. Kd2 Nxa2 43. Nd3 $2 {[%emt 0:00:02][%mdl 8192] [#] Prevents Nb4} (43. Rb2 $17) 43... Rxd3+ $1 $19 44. Kxd3 {[%emt 0:00:01] KR-KN} (44. Ke2 Ra3) 44... Nb4+ 45. Kc3 Nxc2 46. Kxc2 {[%emt 0:00:01] KP-KP. Black is a pawn up.} Ke6 47. Kd3 Kd5 {[%emt 0:00:02] ( -> ...Ke5)} 48. h5 c5 49. f4 c4+ 50. Ke3 Ke6 51. Ke4 d5+ 52. Kd4 Kf5 53. Ke3 Kg4 54. Kf2 d4 0-1

[Event "European Women Blitz-ch 2024"]
[Site "Monaco"]
[Date "2025.01.10"]
[Round "5.13"]
[White "Zhukova, Natalia"]
[Black "Gaponenko, Inna"]
[Result "1-0"]
[Annotator "TA"]
[ECO "D45"]
[WhiteElo "2306"]
[BlackElo "2346"]
[PlyCount "59"]
[EventDate "2025.01.06"]
[EventType "swiss"]
[EventCountry "MNC"]
[SourceTitle "playchess.com"]
[Source "ChessBase"]
[SourceQuality "1"]
[TimeControl "180+2"]

1. c4 e6 2. Nc3 d5 3. d4 c6 4. e3 Nf6 5. Nf3 Nbd7 6. Be2 Bd6 7. O-O O-O 8. b3 b6 9. Bb2 Bb7 10. Qc2 Rc8 11. Rad1 Qe7 12. Bd3 h6 13. Rfe1 dxc4 14. bxc4 c5 {[%emt 0:00:00] [#]} 15. d5 $1 exd5 16. cxd5 a6 (16... Ne5 $14 {should be considered.}) 17. a4 (17. Nh4 $16 {aiming for Nf5.} c4 18. Nf5) 17... c4 18. Bf5 Rcd8 19. Bxd7 Rxd7 20. e4 Bb4 21. Nd4 Re8 22. Re3 g6 {[%emt 0:00:07] Prevents Nf5} (22... Bxc3 $2 23. Nf5 Qb4 24. Bxc3 $18) 23. Na2 {[%emt 0:00:11] Excellent horsemanship.} Bc5 24. Qxc4 Rc8 (24... b5 $14 25. axb5 axb5) 25. Qe2 $16 {[%emt 0:00:01] White is more active.} Qe8 26. Re1 ({White should try} 26. h3 $18) 26... Kh7 (26... Rdd8 $16 {keeps fighting.} 27. Nf5 gxf5) 27. Rh3 (27. Nc1 $18) 27... h5 (27... Nxe4 $1 $14 28. Qd3 (28. Qxe4 Qxe4 29. Rxe4 Rxd5 $16) 28... Nxf2 (28... Bxd5 $2 {too greedy.} 29. Rxh6+ Kg8 30. Qh3 $18) 29. Kxf2 Qh8 (29... Qd8 30. Qd2 $11)) 28. Nf3 $18 Ng8 $2 (28... Nxd5 29. exd5 Re7) 29. Ng5+ Kh6 30. Qd2 1-0

[Event "European Women Blitz-ch 2024"]
[Site "Monaco"]
[Date "2025.01.10"]
[Round "5.14"]
[White "Rudzinska, Michalina"]
[Black "Socko, Monika"]
[Result "1-0"]
[Annotator "TA"]
[ECO "C01"]
[WhiteElo "2226"]
[BlackElo "2371"]
[PlyCount "67"]
[EventDate "2025.01.06"]
[EventType "swiss"]
[EventCountry "MNC"]
[SourceTitle "playchess.com"]
[Source "ChessBase"]
[SourceQuality "1"]
[TimeControl "180+2"]

1. e4 e6 2. d4 d5 3. Bd3 dxe4 4. Bxe4 Nf6 5. Bf3 c5 6. Ne2 cxd4 7. Nxd4 Bc5 8. Be3 Qe7 {[%emt 0:00:24] The position is equal.} 9. Nc3 e5 (9... O-O $11 {remains equal.}) 10. Ndb5 {[%emt 0:00:07] [#] And now Bxc5 would win. White is more active.} Bxe3 (10... Bb4 $16) 11. Nd6+ $18 (11. fxe3 Nc6 $14) 11... Kd7 (11... Kf8 $142 12. Nxc8 (12. fxe3 Nc6 $14) 12... Bxf2+ 13. Kxf2 Qc5+ 14. Kg3 Qxc8 15. Qd6+ Ke8 16. Qxe5+ Kd8) 12. Nf5+ (12. Nxb7+ Bd4 13. Na5 Ke6 14. Bxa8 Qc5 $17) (12. Nxf7+ Bd4 13. Nxh8 Ke8 $16) 12... Bd4 13. Nxe7 Kxe7 14. O-O {[%emt 0:00:08] [#] Black must now prevent Nb5.} Nc6 15. Qe2 Be6 16. Ne4 Nd5 17. c3 Nf4 18. Qc2 Bb6 19. g3 Ng6 20. b4 Rhd8 21. a4 Rac8 22. a5 $2 (22. Qe2) 22... Bc7 $2 (22... Nd4 23. Qd1 (23. cxd4 $2 {too greedy.} Rxc2 24. axb6 axb6 $19) 23... Bb3) 23. Nc5 {[%emt 0:02:05] White is clearly winning.} Bd6 24. Nxb7 {[%emt 0:00:00][%cal Of3c6] aiming for Bxc6!} Rd7 25. Nxd6 Rxd6 26. Bxc6 Rdxc6 27. Ra3 Bd5 28. Re1 f6 29. b5 Rc5 30. b6 a6 31. Qb2 {[%emt 0:00:00] Strongly threatening b7.} Kf7 32. b7 Rb8 33. Qb6 Rc6 34. Qa7 {[%emt 0:00:00] White took control after the opening.   Weighted Error Value: White=0.37/Black=0.77.  Loses game:     	---       	Black=1      Mistake:       	White=1     	Black=3      Inaccurate:     	---       	Black=1      OK:         	White=6     	Black=3      Best:        	White=2     	Black=1} 1-0

[Event "European Women Blitz-ch 2024"]
[Site "Monaco"]
[Date "2025.01.10"]
[Round "5.15"]
[White "Hunt, Harriet V"]
[Black "Hrebenshchykova, Yelyzaveta"]
[Result "0-1"]
[Annotator "TA"]
[ECO "B50"]
[WhiteElo "2298"]
[BlackElo "2280"]
[PlyCount "80"]
[EventDate "2025.01.06"]
[EventType "swiss"]
[EventCountry "MNC"]
[SourceTitle "playchess.com"]
[Source "ChessBase"]
[SourceQuality "1"]
[TimeControl "180+2"]

1. e4 c5 2. Nf3 e6 3. b3 Nc6 4. Bb5 Qc7 5. O-O Nf6 6. Re1 Be7 7. Bb2 O-O 8. Nc3 d6 9. Bxc6 Qxc6 10. d4 cxd4 11. Nxd4 Qd7 12. f4 b6 13. Qf3 Bb7 14. Rad1 a6 15. Qg3 $1 Qc7 16. e5 (16. Nd5 $1 $14 Qd8 (16... exd5 17. Nf5 $16) 17. Nxe7+ Qxe7 18. e5 dxe5 19. Rxe5) 16... dxe5 $15 17. fxe5 Nd7 18. Kh1 Rad8 (18... Rfe8 $5) 19. a3 (19. Ne4 $11 {remains equal.}) 19... Nb8 ({Black should play} 19... Nxe5 $17 20. Bc1 (20. Rxe5 $2 Bf6 $19) (20. Qxe5 $2 Qxe5 21. Rxe5 Bf6 $19) 20... Bd6) 20. Ne4 {[%emt 0:00:08] Against Bd6} (20. Bc1 $15 {was preferable.}) 20... Bxe4 $1 $17 21. Rxe4 Nc6 22. c4 Rd7 23. Ra1 Nxd4 24. Rxd4 Rfd8 25. Rxd7 Rxd7 26. Qf3 a5 27. Rf1 Bf8 28. Qe3 (28. a4 $15) 28... Bc5 (28... a4 $1 $17 29. h3 axb3 30. Qxb3 h6) 29. Qf4 (29. Qf3 $1 $15) 29... g6 (29... Rd3 $19 30. b4 axb4 31. axb4 Bxb4) 30. g3 $2 (30. Qf3 $15) 30... h5 $2 (30... Qc6+ 31. Rf3 Qb7) 31. Qf3 $19 {[%emt 0:00:01] [#]} Rd2 (31... a4 $1 $17 {[%cal Ra4b3] ...axb3 would now be deadly.} 32. b4 (32. Qa8+ $2 Rd8 $19) 32... Bd4 33. Bxd4 Rxd4 34. Qa8+ Kg7) 32. Bc3 (32. Bc1 $1 $11 {was the only way to keep the balance.} Rd7 33. Qa8+ Bf8 34. a4) 32... Rd7 {[%emt 0:00:08] Black is more active.} (32... Rc2 $17 33. b4 axb4 34. axb4 Bf8) 33. b4 (33. Bb2 $11) 33... axb4 $17 34. axb4 Bd4 35. Bxd4 (35. Rd1 $17 Qxc4 36. Kg2) 35... Rxd4 {[%emt 0:00:00] KQR-KQR} 36. c5 (36. Ra1 $17 {was called for.}) 36... bxc5 (36... Qxe5 37. Qxf7+ (37. cxb6 Qd5 $15) 37... Kh8 38. Qf8+ (38. cxb6 Qe4+ 39. Kg1 Qe3+ 40. Rf2 Qe1+ 41. Kg2 Qe4+ 42. Rf3 Rxb4 $11) 38... Kh7 39. Rf7+) 37. bxc5 {[%emt 0:00:00] [#]} Rc4 $1 {[%emt 0:00:03] Inhibits Rc1.} (37... Qxe5 38. Qxf7+ Kh8 39. Qf8+ (39. Qxg6 Qd5+ 40. Kg1 Rd1 $16) 39... Kh7 40. Rf7+) 38. Ra1 Rxc5 (38... Qxc5 $2 {perishes.} 39. Ra8+ Kh7 40. Qxf7+ Kh6 41. Rh8+ (41. Qxe6 {is a self mate.} Rc1+ 42. Kg2 Qg1+ 43. Kf3 Rc3+ 44. Ke2 Re3+ 45. Kd2 Qf2+ 46. Kd1 Re1#) 41... Kg5 42. Qf6+ (42. Qxe6 Rc1+ 43. Kg2 Qg1+ 44. Kf3 Rc3+ 45. Ke2 Re3+ 46. Kd2 Qf2+ 47. Kd1 Re1#) 42... Kg4 43. Qxg6+ Kf3 44. Qf7+ (44. Qxh5+ Kf2 $18) 44... Ke2 45. Kg2 $18 (45. Qxh5+ Ke1 $16) (45. Qxe6 Qd4)) 39. Ra8+ Kh7 40. Qf6 $2 {[%emt 0:00:12] Inhibits Rc3.} (40. Ra2 $19) 40... Qc6+ ({Worse is} 40... Qxe5 41. Rh8#) 0-1

[Event "European Women Blitz-ch 2024"]
[Site "Monaco"]
[Date "2025.01.10"]
[Round "5.16"]
[White "Schulze, Lara"]
[Black "Benmesbah, Natacha"]
[Result "0-1"]
[Annotator "TA"]
[ECO "B11"]
[WhiteElo "2266"]
[BlackElo "2259"]
[PlyCount "64"]
[EventDate "2025.01.06"]
[EventType "swiss"]
[EventCountry "MNC"]
[SourceTitle "playchess.com"]
[Source "ChessBase"]
[SourceQuality "1"]
[TimeControl "180+2"]

1. e4 c6 2. Nf3 d5 3. Nc3 Bg4 4. h3 Bxf3 5. Qxf3 e6 6. Be2 d4 7. Nb1 Ne7 8. d3 Ng6 {[%emt 0:00:05] White has an edge.} 9. O-O Be7 10. Nd2 Nd7 11. Qg3 O-O 12. f4 f5 13. Bf3 (13. Bh5 $14) 13... e5 $11 14. exf5 exf4 15. Qh2 Rxf5 16. Be4 Rf6 17. Bxg6 Rxg6 18. Qxf4 Nf6 {[%emt 0:00:26] Active counter play!} 19. Nf3 {[%emt 0:00:03][%cal Of3h4] aiming for Nh4!} Nh5 20. Qxd4 (20. Qe5 {keeps more tension.} Ng3 21. Re1 Bd6 22. Qxd4 Nf5 23. Qc4+) 20... Qxd4+ 21. Nxd4 Bc5 $1 22. Be3 Re8 $1 23. Bf2 Nf4 $36 {[%emt 0:00:11][%csl LRg2,LRh3][%mdl 2048] White is under pressure.} 24. c3 $2 {[%emt 0:00:15] [#]} (24. Kh1 $15) 24... Nxh3+ ({But not} 24... Nxd3 25. b4 Bb6 26. Kh1 $17) 25. Kh2 (25. Kh1 {might work better.} Nf4 26. Nf5) 25... Nf4 $19 26. Bg3 $2 (26. g3 Nxd3 27. b4) 26... Nh5 $2 (26... Rh6+ $19 {and Black stays clearly on top.} 27. Bh4 Bxd4 (27... Rxh4+ $2 28. Kg3 $19) (27... Nxd3 28. Nf5 $17) 28. Rxf4 Be5) 27. Bf2 (27. Rae1 $17 Rxe1 28. Bxe1) 27... Nf4 $2 {[%emt 0:00:01] [#]} (27... Bd6+ 28. Kh1 Nf4) 28. Bg3 $1 Rh6+ 29. Kg1 Ne2+ (29... Nxd3 $2 30. Rab1 $19) 30. Kf2 Rf6+ 31. Ke1 Nxg3+ (31... Nxd4+ $142 32. Be5 Rxe5+ 33. Kd1 Rxf1+ 34. Kd2 Re2#) 32. Kd2 Nxf1+ {[%emt 0:00:02] Weighted Error Value: White=0.63/Black=0.53.  Loses game:     	White=1     	---        Missed win:     	---       	Black=1      Mistake:       	White=4     	---        Inaccurate:     	White=2     	---        OK:         	White=7     	Black=4      Best:        	White=3     	Black=3      Strong:       	White=1     	Black=2} 0-1

[Event "European Women Blitz-ch 2024"]
[Site "Monaco"]
[Date "2025.01.10"]
[Round "5.17"]
[White "Prochaieva, Tina"]
[Black "Papp, Petra"]
[Result "0-1"]
[Annotator "TA"]
[ECO "D85"]
[WhiteElo "1861"]
[BlackElo "2235"]
[PlyCount "100"]
[EventDate "2025.01.06"]
[EventType "swiss"]
[EventCountry "MNC"]
[SourceTitle "playchess.com"]
[Source "ChessBase"]
[SourceQuality "1"]
[TimeControl "180+2"]

1. d4 Nf6 2. Nf3 g6 3. c4 Bg7 4. Nc3 d5 5. cxd5 Nxd5 6. Bd2 c5 7. e4 Nxc3 8. Bxc3 cxd4 9. Nxd4 O-O 10. Be2 b6 ({Better is} 10... Qb6 $15 11. Nf3 Rd8) 11. O-O $11 Bb7 12. Bf3 Nd7 13. Rc1 Ne5 14. Qe2 a5 15. Rfd1 {[%emt 0:00:00][%cal Od4e6] aiming for Ne6!.} Ba6 16. Qd2 Nd3 $2 (16... Nxf3+ $11 17. gxf3 Ra7) 17. Nc6 $18 Bxc3 (17... Qd6 $16) 18. Rxc3 (18. bxc3 $2 Qc7 19. Nd4 Nxc1 20. Rxc1 Qc5 $19) 18... Qd7 $2 (18... Qc7 $16) 19. Be2 ({Don't play} 19. Rxd3 Qxc6 (19... Bxd3 $2 {too greedy.} 20. e5 $18) 20. e5 Qe8 $18) 19... Rac8 20. Ne5 $2 (20. Bxd3 $18 Rxc6 21. Bxa6) 20... Nxe5 $11 21. Bxa6 Qxd2 22. Rxd2 Rcd8 23. Rcc2 Nd7 24. f3 Nc5 25. Bf1 Kg7 26. Kf2 e5 27. g3 f5 28. Ke3 fxe4 29. fxe4 $2 (29. Rxd8 $11 Rxd8 30. fxe4) 29... Rxd2 $19 30. Rxd2 Rxf1 $11 {[%emt 0:00:01][%mdl 4096] Endgame KRN-KR} 31. a3 Re1+ 32. Kf3 Rxe4 33. Rc2 Rd4 34. Re2 Kf6 35. g4 g5 36. Kg3 Rd3+ 37. Kg2 Ne6 {[%emt 0:00:01] ...Nf4+ is the strong threat.} 38. Rf2+ Nf4+ 39. Kg1 Rd1+ 40. Rf1 Rxf1+ 41. Kxf1 {[%emt 0:00:01] KN-KP} e4 42. Kf2 Ke5 43. Ke3 Nd5+ 44. Ke2 Kf4 45. h3 e3 46. Ke1 Kf3 47. Kf1 e2+ 48. Ke1 Nf4 49. b4 Ng2+ 50. Kd2 e1=Q+ 0-1

[Event "European Women Blitz-ch 2024"]
[Site "Monaco"]
[Date "2025.01.10"]
[Round "5.18"]
[White "Injac, Teodora"]
[Black "Guichard, Pauline"]
[Result "1/2-1/2"]
[Annotator "TA"]
[ECO "A34"]
[WhiteElo "2453"]
[BlackElo "2357"]
[PlyCount "90"]
[EventDate "2025.01.06"]
[EventType "swiss"]
[EventCountry "MNC"]
[SourceTitle "playchess.com"]
[Source "ChessBase"]
[SourceQuality "1"]
[TimeControl "180+2"]

1. Nf3 Nf6 2. c4 c5 3. Nc3 Nc6 4. g3 d5 5. cxd5 Nxd5 6. Bg2 Nc7 7. a3 g6 8. h4 Bg4 9. b4 Bg7 10. Bb2 cxb4 11. axb4 Nxb4 $2 (11... O-O $11) 12. Qa4+ $18 Bd7 13. Qxb4 O-O 14. h5 (14. Qxb7 Rb8 15. Qxa7 Rxb2 $16) 14... Na6 15. Qxb7 Nc5 16. Qd5 Rc8 17. hxg6 hxg6 18. O-O Qb6 19. Ba3 Be6 20. Qg5 Bf6 21. Qe3 Qd6 (21... Nb3 $142 22. Qxb6 axb6) 22. Ne4 Nxe4 23. Bxd6 Nxd6 24. Rxa7 Rfd8 25. d3 Nf5 26. Qf4 Rc2 27. Rc1 Rxe2 28. Qc7 Rxd3 29. Ra8+ Kh7 30. Qb8 {[%emt 0:00:01] g4 would now be deadly.} Bd5 31. Qg8+ Kh6 {[%emt 0:00:01] [#]} 32. Nh4 $1 Nxh4 (32... Bxa8 33. Nxf5+) 33. Bxd5 Rxd5 34. gxh4 Rd4 35. Kf1 (35. Qxf7 $142 Rxh4 36. Rg8 Rg4+ 37. Kf1 Rb2 38. Rc6 Rb1+ 39. Ke2 Ra1 40. Rxf6) 35... Rb2 36. Qxf7 Rf4 37. Qf8+ (37. Rh8+ $142 Bxh8 38. Qxf4+ Kh7 39. Rc7 Rb1+ 40. Kg2 Re1 41. Qf7+ Kh6 42. Rc8 (42. Rxe7 Rxe7 43. Qxe7 Bd4 44. Kf3 Bg7 45. Kg4 Bd4 46. Qf7 Bg7 47. h5 Kh7 48. hxg6+ Kh6 49. f4 Bh8 50. Qh7#)) 37... Kh5 38. Ke1 $2 ({White must play} 38. Ra5+ $18 e5 39. Qc5) 38... Rfxf2 $2 (38... Re4+ $11 39. Kf1 Rf4 40. Ra5+ e5) 39. Qg8 $2 ({Better is} 39. Rc5+ $18 e5 40. Rc4 (40. Ra1 Rf4 $11) 40... Rbe2+ 41. Kd1 Rd2+ 42. Kc1) 39... Rbe2+ $11 40. Kd1 Rd2+ 41. Ke1 Rfe2+ 42. Kf1 Rf2+ 43. Ke1 $1 Rfe2+ 44. Kf1 Rf2+ 45. Ke1 $1 {[%emt 0:00:01] White wants to mate with Qh7+.} Rfe2+ 1/2-1/2

[Event "European Women Blitz-ch 2024"]
[Site "Monaco"]
[Date "2025.01.10"]
[Round "6.1"]
[White "Paehtz, Elisabeth"]
[Black "Kulon, Klaudia"]
[Result "1/2-1/2"]
[Annotator "TA"]
[ECO "A48"]
[WhiteElo "2428"]
[BlackElo "2393"]
[PlyCount "64"]
[EventDate "2025.01.06"]
[EventType "swiss"]
[EventCountry "MNC"]
[SourceTitle "playchess.com"]
[Source "ChessBase"]
[SourceQuality "1"]
[TimeControl "180+2"]

1. d4 Nf6 2. Nf3 g6 3. Bg5 Bg7 4. Nbd2 O-O 5. c3 d6 6. e3 b6 7. Be2 Bb7 8. O-O Nbd7 9. a4 a6 10. Bh4 h6 11. h3 e5 12. Qb3 a5 13. Rfd1 Qe7 14. Bb5 e4 15. Ne1 g5 16. Bg3 Kh8 17. Be2 Nd5 18. Nxe4 Qxe4 (18... f5 $17 19. c4 Nxe3 (19... Qxe4 20. cxd5 Bxd5 21. Qc3 $15) 20. fxe3 Bxe4) 19. Bf3 $1 $11 Qe6 {[%emt 0:00:05] aiming for ...Rab8.} 20. c4 {[%emt 0:00:00] [#]} Nxe3 $1 21. Qxe3 Bxf3 22. Qxe6 fxe6 23. Nxf3 Rae8 24. Rd3 Nf6 ({Black should play} 24... e5 25. dxe5 Nxe5 26. Nxe5 Bxe5 27. Bxe5+ Rxe5) 25. Re1 Nh5 26. Bh2 Kh7 27. b3 Kg6 28. Rde3 Kf7 29. Re4 Nf6 30. R4e3 Nh5 31. Re4 Nf6 32. R4e3 Nh5 1/2-1/2